 Dungeon Crawl Stone Soup version 0.21.0-3-g78d12a8 (webtiles) character file.

1738 Faca the Slasher (level 9, -2/71 HPs)
             Began as a Formicid Fighter on Jan 10, 2018.
             Was an Initiate of Yredelemnul.
             Killed from afar by rjrrt's ghost (12 damage)
             ... with a flame tongue
             ... on level 6 of the Dungeon on Jan 11, 2018.
             The game lasted 00:12:33 (6389 turns).

Faca the Slasher (Formicid Fighter)                 Turns: 6389, Time: 00:12:33

Health: -2/71      AC:  8    Str: 23    XL:     9   Next: 26%
Magic:  10/10      EV:  9    Int:  7    God:    Yredelemnul [......]
Gold:   331        SH: 13    Dex: 15    Spells: 8/8 levels left

rFire    . . .     SeeInvis +   a - +1 long sword
rCold    . . .     Gourm    .   r - +2 shield
rNeg     . . .     Faith    .   b - +0 scale mail
rPois    .         Spirit   .   (helmet unavailable)
rElec    .         Reflect  .   d - +0 cloak
rCorr    .         Harm     .   (no gloves)
MR       .....                  (no boots)
Stlth    ..........             (no amulet)
HPRegen  0.21/turn              e - +3 ring of dexterity
MPRegen  0.12/turn              (no ring)

@: no status effects
A: permanent stasis, dig shafts and tunnels, four strong arms, antennae 3
a: Dig, Shaft Self, Renounce Religion


You were on level 6 of the Dungeon.
You worshipped Yredelemnul.
Yredelemnul was noncommittal.
You were not hungry.

You visited 2 branches of the dungeon, and saw 7 of its levels.

You collected 331 gold pieces.

Inventory:

Hand Weapons
 a - a +1 long sword (weapon)
Armour
 b - a +0 scale mail (worn)
 d - a +0 cloak (worn)
 r - a +2 shield (worn)
Jewellery
 e - a +3 ring of dexterity (left hand)
Wands
 h - a wand of paralysis (21)
Scrolls
 f - a scroll of magic mapping
 i - 6 scrolls of enchant weapon
 j - 5 scrolls of remove curse
 l - 2 scrolls of fear
Potions
 k - a potion of ambrosia
 m - a potion of degeneration {unknown}
 o - a potion of lignification {unknown}
 p - a potion of invisibility {unknown}
 q - a potion of brilliance {unknown}
 s - a potion of magic {unknown}
Comestibles
 n - 6 rations


   Skills:
 + Level 6.6 Fighting
 * Level 7.0 Long Blades
 + Level 6.3 Armour
 + Level 6.9 Shields
 + Level 2.3 Evocations


You had 8 spell levels left.
You didn't know any spells.

Dungeon Overview and Level Annotations

Branches:
Dungeon (6/15)             Temple (1/1) D:6

Altars:
Ashenzari
Cheibriados
Dithmenos
Elyvilon
Fedhas
Hepliaklqana
Makhleb
Trog
Uskayaw
Vehumet
Wu Jian
Xom
Yredelemnul
Zin

Annotations:
D:6 rjrrt's ghost, novice HaFE


Innate Abilities, Weirdness & Mutations

You cannot be hasted, slowed, berserked, paralysed or teleported.
You can dig through walls and to a lower floor.
Your four strong arms can wield two-handed weapons with a shield.
You have a pair of large antennae on your head. (SInv)


Message History

The sticky flame hits you!
You are covered in liquid flames!
* * * LOW HITPOINT WARNING * * *
You feel better.
You are covered in liquid flames!
Rjrrt's ghost closely misses you.
You are covered in liquid flames!
You are covered in liquid flames!
* * * LOW HITPOINT WARNING * * *
You are covered in liquid flames!
* * * LOW HITPOINT WARNING * * *
You feel magically purged.
You are covered in liquid flames!
* * * LOW HITPOINT WARNING * * *
Rjrrt's ghost barely misses you. Rjrrt's ghost says, "They lied to you.
The Dungeon just goes down and down forever."
Rjrrt's ghost points at you and mumbles some strange words.
The flame tongue hits you!
You die...
Your body rises from the dead as a mindless zombie.

...# ##..## ##...## #...... ...#
##..####...## #..... ...#
#...##...## ##..... ...#
##......## #..###. ...##
#.......## ###..# #. #...##
##........#####...## #. #....#
##..........##....†.# ##
#....#####...................####
##.....##..##.W.@..............##
#........######.................
##........# ###..........##...
#.....##..## ###.......######
......###..# ###....## # ####..#
##.## ###<.....# ##.#
##.#######....#...# #..
#...........###..## ##.
#.#.........####..#


You could see rjrrt's ghost.

Vanquished Creatures
  An unseen horror (D:5)
  A water moccasin (D:5)
  A phantom (D:5)
  2 ogres (D:5)
  A centaur (D:5)
  A water moccasin skeleton (D:5)
  A scorpion (D:6)
  3 crimson imps
  A bullfrog zombie (D:5)
  Crazy Yiuf (D:2)
  3 orc wizards
  5 worker ants
  An iguana (D:5)
  A killer bee zombie (D:5)
  A hound skeleton (D:4)
  6 adders
  3 gnolls (D:3)
  A shadow imp (D:5)
  5 oozes
  2 adder skeletons (D:5)
  2 worms
  A dart slug (D:3)
  A leopard gecko (D:4)
  13 orcs
  3 giant cockroaches
  10 goblins
  12 hobgoblins
  7 jackals
  3 quokkas
  2 ball pythons
  3 bats
  5 frilled lizards
  A jackal skeleton (D:4)
  11 kobolds
  10 rats
125 creatures vanquished.

Notes
Turn   | Place    | Note
-------+----------+-------------------------------------------
     0 | D:1      | Faca the Formicid Fighter began the quest for the Orb.
     0 | D:1      | Reached XP level 1. HP: 18/18 MP: 1/1
   265 | D:1      | Reached XP level 2. HP: 24/24 MP: 2/2
   573 | D:1      | Reached XP level 3. HP: 30/30 MP: 3/3
  1176 | D:2      | Reached XP level 4. HP: 15/37 MP: 4/4
  1793 | D:2      | Found a shattered altar of Ashenzari.
  1793 | D:2      | Found a hazy altar of Hepliaklqana.
  2189 | D:2      | Reached XP level 5. HP: 43/43 MP: 5/5
  2336 | D:2      | Found a runed door.
  2340 | D:2      | Noticed Crazy Yiuf
  2344 | D:2      | Killed Crazy Yiuf
  2344 | D:2      | Reached skill level 3 in Long Blades
  3062 | D:3      | Reached XP level 6. HP: 24/49 MP: 6/6
  3821 | D:4      | Found a shadowy altar of Dithmenos.
  4007 | D:4      | Found a shimmering altar of Xom.
  4008 | D:4      | Found a burning altar of Makhleb.
  4031 | D:4      | Reached skill level 4 in Long Blades
  4133 | D:5      | Entered Level 5 of the Dungeon
  4133 | D:5      | Noticed a water moccasin
  4141 | D:5      | Killed a water moccasin
  4141 | D:5      | Reached skill level 5 in Fighting
  4141 | D:5      | Reached skill level 5 in Shields
  4141 | D:5      | Reached XP level 7. HP: 49/56 MP: 7/7
  4337 | D:5      | Reached skill level 5 in Armour
  4390 | D:5      | Got a smoking quarterstaff
  4481 | D:4      | Identified the +9 quarterstaff of True Grit {antimagic, *Rage +Blink Stlth+} (You found it on level 5 of the Dungeon)
  4629 | D:5      | Reached skill level 5 in Long Blades
  4656 | D:5      | Reached XP level 8. HP: 33/63 MP: 8/8
  4875 | D:5      | Found a glowing silver altar of Zin.
  4880 | D:5      | Found a hide-covered altar of Uskayaw.
  4920 | D:5      | Found an ornate altar of the Wu Jian Council.
  5487 | D:5      | Noticed an unseen horror
  5505 | D:5      | Killed an unseen horror
  5505 | D:5      | Reached skill level 6 in Long Blades
  5505 | D:5      | Reached XP level 9. HP: 23/71 MP: 8/10
  5987 | D:6      | Found a staircase to the Ecumenical Temple.
  5993 | Temple   | Entered the Ecumenical Temple
  6021 | Temple   | Became a worshipper of Yredelemnul the Dark
  6246 | D:6      | Reached skill level 7 in Long Blades
  6350 | D:6      | Noticed rjrrt's ghost (novice HaFE)
  6389 | D:6      | Killed from afar by rjrrt's ghost

Skill      XL: |  1  2  3  4  5  6  7  8  9 |
---------------+----------------------------+-----
Fighting       | 4 5 6 |  6.6
Shields        | 4 5 6 |  6.9
Armour         | 4 5 6 |  6.3
Long Blades    | 3 4 5 6 7 |  7.0
Evocations     | 2 |  2.3

Action                   |  1- 3 |  4- 6 |  7- 9 || total
-------------------------+-------+-------+-------++-------
Melee: Long sword        |    98 |   227 |   217 ||   542
  Use: Scroll            |     8 |     2 |     2 ||    12
       Potion            |       |     1 |     5 ||     6
  Eat: Chunk             |     1 |     1 |     1 ||     3
       Ration            |       |     3 |     2 ||     5
Armor: Scale mail        |    44 |    77 |    62 ||   183
Dodge: Dodged            |    55 |    86 |    54 ||   195
Block: Buckler           |    39 |    72 |    13 ||   124
       Shield            |     2 |       |   138 ||   140
       Rpst.: Long sword |    19 |    24 |    21 ||    64
